 Dungeon Crawl Stone Soup version 0.30-b1-2-g02819fbbbe (webtiles) character file.

Game seed: 2652283113854408127

371 Dirian the Chopper (level 6, 0/56 HPs)
             Began as a Minotaur Berserker on May 16, 2023.
             Was a Priest of Trog.
             Killed from afar by Edmund (5 damage)
             ... with a puff of flame
             ... on level 4 of the Dungeon.
             The game lasted 00:03:36 (2751 turns).

Dirian the Chopper (Minotaur Berserker)             Turns: 2751, Time: 00:03:37

Health: 0/56       AC:  8    Str: 23    XL:     6   Next: 42%
Magic:  5/5        EV: 11    Int:  4    God:    Trog [***...]
Gold:   190        SH:  3    Dex: 10    Spells: 5/5 levels left

rFire   . . .        a - +0 hand axe
rCold   . . .        m - +0 buckler
rNeg    . . .        n - +0 ring mail
rPois   .            (helmet restricted)
rElec   .            (no cloak)
rCorr   .            (no gloves)
SInv    .            k - +1 pair of boots
Will    .....        (no amulet) Stlth
                     (no ring)
HPRegen 0.29/turn    (no ring)
MPRegen 0.09/turn

%: no passive effects
@: on berserk cooldown, slowed, very slow
A: horns 2, retaliatory headbutt
a: Renounce Religion, Berserk, Trog's Hand


You were on level 4 of the Dungeon.
You worshipped Trog.
Trog was most pleased with you.
You visited 1 branch of the dungeon, and saw 4 of its levels.

You collected 190 gold pieces.

Inventory:

Hand Weapons
 a - a +0 hand axe (weapon)
 v - a +0 morningstar
Armour
 b - a +0 animal skin
 f - a +0 plate armour
 k - a +1 pair of boots (worn)
 m - a +0 buckler (worn)
 n - a +0 ring mail (worn)
Jewellery
 y - a +6 ring of dexterity
Wands
 s - a wand of flame (22)
Scrolls
 c - 8 scrolls of identify {unknown}
 e - a scroll of magic mapping {unknown}
 i - a scroll of silence {unknown}
 l - 2 scrolls of noise {unknown}
 p - a scroll of enchant armour {unknown}
 r - a scroll of teleportation {unknown}
 u - 3 scrolls of immolation {unknown}
 w - a scroll of fear {unknown}
 x - a scroll of vulnerability {unknown}
 z - a scroll of fog {unknown}
Potions
 g - a potion of mutation {unknown}
 h - a potion of degeneration {unknown}
 j - 2 potions of lignification {unknown}
 o - a potion of berserk rage {unknown}
 q - a potion of resistance {unknown}
 t - a potion of heal wounds {unknown}


   Skills:
 + Level 5.3 Fighting
 + Level 6.5 Axes
 * Level 4.8 Armour
 - Level 2.1 Dodging
 + Level 0.3 Shields


You had 5 spell levels left.
You didn't know any spells.
Your spell library was empty.

Dungeon Overview and Level Annotations

Branches:
Dungeon (4/15) Zot: 21226
 Temple: D:4-7

Altars:
Dithmenos
Fedhas

Annotations:
D:4 Edmund


Innate Abilities, Weirdness & Mutations

You have a pair of horns on your head.
You reflexively headbutt those who attack you in melee.


Message History

You hear a bark!
You barely miss Edmund.
Edmund is severely wounded.
You hit the jackal but do no damage.
The jackal bites you but does no damage.
Edmund hits you with a +2 flail of protection!
* * * LOW HITPOINT WARNING * * *
You block the jackal's attack.
You barely miss Edmund. You headbutt Edmund.
Edmund is severely wounded.
You miss the jackal. You closely miss the howler monkey.
The howler monkey hits you.
* * * LOW HITPOINT WARNING * * *
The jackal barely misses you. You furiously retaliate!
You headbutt the jackal!
You kill the jackal!
Trog accepts your kill. You block Edmund's attack.
The howler monkey hoots and howls with incredible vigour!
You hear a bark!
It was a potion of curing.
You feel better. Edmund barely misses you. The howler monkey hits you.
The gnoll closely misses you.
A jackal comes into view.
Edmund hits you with a +2 flail of protection.
* * * LOW HITPOINT WARNING * * *
The howler monkey hits you but does no damage.
The gnoll hits you with a +3 flail.
* * * LOW HITPOINT WARNING * * *
You hit Edmund.
Edmund is severely wounded.
You hit the gnoll. You hit the howler monkey.
Your skin stops crawling.
You feel less strong-willed.
The howler monkey hoots and howls with incredible vigour!
Edmund closely misses you. You furiously retaliate!
You headbutt Edmund!
A gnoll comes into view. It is wielding a +0 flail.
The gnoll hits you with a +3 flail!
* * * LOW HITPOINT WARNING * * *
You block the howler monkey's attack.
A gnoll bouda comes into view. It is wielding a +0 whip.
Edmund zaps a wand.
The puff of flame hits you.
You die...

.g .# .g #.
##g. . ..#
.#####
####.##.....
#....g..#h#
..## #.g#...
#....##gh#.#
........@†.#
######)@###.#..
#<.)......
#.####.#..
##.## .# ..
#...# .# ...
### #...# .##.#
... #...###....
#.###........#


You could see Edmund, a gnoll bouda, a howler monkey, 4 gnolls and a jackal.

Vanquished Creatures
  A scorpion (D:4)
  A howler monkey (D:4)
  An orc priest (D:3)
  Jessica (D:3)
  2 orc wizards (D:3)
  3 gnolls (D:4)
  4 adders
  2 worms
  A dart slug (D:1)
  11 orcs (D:3)
  3 ball pythons
  5 bats
  7 endoplasms
  4 giant cockroaches
  6 goblins
  10 hobgoblins
  3 jackals (D:4)
  4 quokkas
  7 frilled lizards
  7 kobolds
  7 rats
90 creatures vanquished.

Notes
Turn   | Place    | Note
-------+----------+-------------------------------------------
     0 | D:1      | Dirian the Minotaur Berserker began the quest for the Orb.
     0 | D:1      | Reached XP level 1. HP: 19/19 MP: 0/0
   149 | D:1      | Reached skill level 4 in Axes
   149 | D:1      | Reached XP level 2. HP: 20/27 MP: 1/1
   323 | D:1      | Reached ** piety under Trog
   441 | D:1      | Reached XP level 3. HP: 33/33 MP: 2/2
  1076 | D:2      | Reached XP level 4. HP: 34/41 MP: 3/3
  1135 | D:2      | Found a faded altar of an unknown god.
  1300 | D:2      | Reached skill level 5 in Axes
  1305 | D:2      | You fall into a shaft and drop 2 floors!
  1389 | D:3      | Noticed Jessica
  1392 | D:3      | Reached XP level 5. HP: 47/47 MP: 4/4
  1396 | D:3      | Killed Jessica
  1425 | D:2      | Reached skill level 5 in Fighting
  1951 | D:3      | Reached skill level 6 in Axes
  2061 | D:3      | Reached *** piety under Trog
  2307 | D:3      | Found a blossoming altar of Fedhas.
  2308 | D:3      | Found a shadowy altar of Dithmenos.
  2724 | D:4      | Reached XP level 6. HP: 39/56 MP: 5/5
  2739 | D:4      | Noticed Edmund
  2751 | D:4      | Killed from afar by Edmund

Illustrated notes

Levels and vault maps discovered:
D:1:      heliophobic_arrival_battle_scene, layout_basic,
          minmay_misc_feat_secret_circle, st_stairs_4
D:2:      layout_loops_ring, ebering_ecumenical_altar_box, minmay_pentomino_o4
D:3:      layout_loops_ring, mainiacjoe_overflow_divided_tiny,
          minmay_liquid_box, uniq_jessica
D:4:      layout_loops_cross, serial_shops, shop, uniq_pikel, uniq_edmund

Skill      XL: |  1  2  3  4  5 |
---------------+----------------+-----
Axes           | 4 5 6 |  6.5
Fighting       | 4 5 |  5.3
Armour         | 3 4 |  4.8
Dodging        | |  2.1
Shields        | |  0.3

Action                     |  1- 3 |  4- 6 || total
---------------------------+-------+-------++-------
  Melee: Hand axe          |    81 |   121 ||   202
         Headbutt          |    12 |    17 ||    29
 Invoke: Berserk           |       |     2 ||     2
         Trog's Hand       |       |     2 ||     2
    Use: Potion            |       |     1 ||     1
 Armour: Animal skin       |    11 |       ||    11
         Ring mail         |     7 |    53 ||    60
  Dodge: Dodged            |    39 |    58 ||    97
  Block: Buckler           |     1 |    13 ||    14
